Canucks vs Rangers
Created - December 5, 2023 at 19:22
Goals
|
| Canucks |
1 |
0 |
3 |
4 |
| Rangers |
0 |
3 |
0 |
3 |
|
Shots
|
| Canucks |
7 |
11 |
14 |
32 |
| Rangers |
5 |
20 |
6 |
31 |
|
1st period
1. Canucks , Denis Gurianov 7 (Alexander Kerfoot 20, J.T. Miller 15) at 0:10
Penalties :
Tony DeAngelo (Van) for High sticking (Minor) at 1:35, Robert Nilsson (Van) for Hooking (Minor) at 7:01, J.T. Miller (Van) for Tripping (Minor) at 12:06, J.T. Miller (Van) for Interference (Minor) at 18:49
2nd period
2. Rangers , Ryan Strome 7 (Milan Lucic 20, Sean Couturier 19) at 7:44
3. Rangers , Cale Makar 7 (Mikhail Sergachev 4) at 9:30
4. Rangers , Seth Griffith 3 (Chris Mcallister 2, Stefan Noesen 2) at 19:28
Penalties :
Dmitry Kulikov (NyR) for Hooking (Minor) at 2:38, Ryan Strome (NyR) for Holding (Minor) at 11:07, Magnus Paajarvi (NyR) for Hooking (Minor) at 16:20, Jeremy Morin (Van) for Hooking (Minor) at 17:16
3rd period
5. Canucks , Lawson Crouse 4 (Travis Hamonic 4) at 7:27
6. Canucks , J.T. Miller 17 (Alexander Kerfoot 21, Brent Seabrook 1) at 16:30
7. Canucks , Alexander Kerfoot 6 (J.T. Miller 16, Travis Hamonic 5) at 16:59
Penalties :
Dmitry Kulikov (NyR) for Slashing (Minor) at 0:22, Milan Lucic (NyR) for Hooking (Minor) at 17:56
Goalie Stats
Petr Mrazek (Van), 28 saves from 31 shots - (0.903), W, 11-8-1, 60:00 minutes
Samuel Montembeault (NyR), 28 saves from 32 shots - (0.875), L, 5-5-1, 60:00 minutes
Players Stats for Canucks
Player Name G A P +/- PIM S H SB GA TA FO MP PP MP PK MP
------------------------------------------------------------------------------------
Alex Tuch 0 0 0 -1 0 0 1 0 0 0 0/0 6:53 0:05 0:00
Alexander Kerfoot 1 2 3 3 0 2 2 0 1 0 21/48 25:53 5:18 4:34
Brent Seabrook 0 1 1 1 0 0 0 0 0 1 0/0 14:44 0:00 3:59
Chris Bourque 0 0 0 -1 0 1 0 0 0 0 0/0 9:11 0:05 1:17
Denis Gurianov 1 0 1 3 0 5 0 0 0 0 1/2 20:10 5:18 0:00
Derek Roy 0 0 0 0 0 1 1 0 0 0 2/3 9:04 0:00 1:06
Gilbert Brule 0 0 0 -1 0 0 0 0 0 1 1/4 9:53 0:05 2:47
Ilya Kovalchuk 0 0 0 0 0 2 0 0 0 0 0/0 10:41 0:00 3:05
J.T. Miller 1 2 3 3 4 5 1 0 3 2 1/1 24:05 5:18 2:43
Jeremy Morin 0 0 0 -1 2 2 0 0 0 0 0/0 14:36 3:28 0:00
Lawson Crouse 1 0 1 -1 0 3 1 0 0 0 1/2 14:37 3:29 0:00
Oliver Ekman-Larsson 0 0 0 1 0 4 1 1 0 0 0/0 30:35 5:55 4:53
PK Subban 0 0 0 1 0 0 1 0 0 0 0/0 12:51 2:57 0:54
Robert Nilsson 0 0 0 -1 2 2 1 0 0 0 7/13 17:19 3:29 2:12
Teemu Hartikainen 0 0 0 0 0 2 2 0 0 0 0/0 7:36 0:00 0:00
Tony DeAngelo 0 0 0 -1 2 2 1 1 1 0 0/0 22:14 5:55 3:05
Travis Hamonic 0 2 2 1 0 1 1 3 1 2 0/0 22:24 2:57 0:00
Tyler Myers 0 0 0 -1 0 0 1 1 0 3 0/0 17:14 0:00 4:53
Players Stats for Rangers
Player Name G A P +/- PIM S H SB GA TA FO MP PP MP PK MP
------------------------------------------------------------------------------------
Cale Makar 1 0 1 1 0 6 0 2 1 0 0/0 20:22 5:20 2:45
Chris Mcallister 0 1 1 1 0 3 3 0 1 0 0/0 9:55 0:00 1:57
Devante Smith-Pelly 0 0 0 0 0 1 0 0 0 0 0/1 13:39 4:45 0:00
Dmitry Kulikov 0 0 0 -3 4 0 5 0 0 2 0/0 27:18 5:11 3:24
Henrik Samuelsson 0 0 0 0 0 0 1 0 0 0 3/7 9:35 0:00 0:21
Jake McCabe 0 0 0 -2 0 2 2 2 1 1 0/0 29:34 3:32 6:07
Magnus Paajarvi 0 0 0 0 2 0 0 1 0 0 0/0 9:15 0:03 0:00
Mikhail Sergachev 0 1 1 2 0 0 0 3 1 0 0/0 14:14 0:00 1:30
Milan Lucic 0 1 1 -1 2 5 2 0 0 1 0/0 22:49 4:45 3:54
Ondrej Palat 0 0 0 -1 0 1 3 1 0 0 0/0 16:34 4:07 1:43
Patrik Nemeth 0 0 0 0 0 0 1 0 0 1 0/0 14:33 0:38 3:52
Richard Panik 0 0 0 -1 0 1 0 0 0 0 2/2 10:47 0:00 0:00
Ryan Strome 1 0 1 -1 2 2 0 1 0 0 0/0 20:26 4:04 2:24
Sean Couturier 0 1 1 -1 0 1 2 2 1 1 26/45 24:33 4:45 5:42
Seth Griffith 1 0 1 1 0 2 1 0 1 0 4/6 7:53 0:00 0:00
Stefan Noesen 0 1 1 1 0 4 3 1 1 0 0/0 7:53 0:00 0:00
Tomas Hertl 0 0 0 -1 0 2 1 0 2 0 4/12 16:34 4:07 1:43
Vince Dunn 0 0 0 0 0 1 0 0 0 0 0/0 14:06 3:03 0:06
3 Stars
1 - Alexander Kerfoot (Van)
2 - J.T. Miller (Van)
3 - Denis Gurianov (Van)
Power Play
Canucks - 0 on 5 Attempt(s) - 0.00%
Rangers - 0 on 5 Attempt(s) - 0.00%
Penalty Kill
Canucks - 5 on 5 Attempt(s) - 100.00%
- Score 0 goal in Penalty Kill
Rangers - 5 on 5 Attempt(s) - 100.00%
- Score 0 goal in Penalty Kill
Team Stat
Canucks - Hits : 14 - Faceoff Wins : 34 - Blocked Shots : 6 - Penalty Minutes : 10
Rangers - Hits : 24 - Faceoff Wins : 39 - Blocked Shots : 13 - Penalty Minutes : 10
Official
Referees : Garrett Rank and Brandon Schrader
Linesman : Jonny Murray and Brandon Gawryletz
Game Notes
No Game Note
Finance
Level 1 -- Attendance: 5576 (92.93%) -- Ticket Income $557,600
Level 2 -- Attendance: 4926 (98.52%) -- Ticket Income $295,560
Level 3 -- Attendance: 2000 (100.00%) -- Ticket Income $70,000
Level 4 -- Attendance: 3912 (97.80%) -- Ticket Income $97,800
Luxury Box -- Attendance: 949 (94.90%) -- Ticket Income $189,800
Game was played at the Madison Square Garden.
Total Attendance: 17363 (96.46%)
Total Ticket Income: $1,210,760
Other Income: $181,614
Total Income: $1,392,374
Canucks
5 vs 5 Forward
Center Left Wing Right Wing Time % Phy DF OF
1 Alexander Kerfoot J.T. Miller Denis Gurianov 55 0 0 5
2 Robert Nilsson Jeremy Morin Lawson Crouse 30 1 2 2
3 Derek Roy Teemu Hartikainen Ilya Kovalchuk 10 1 2 2
4 Gilbert Brule Chris Bourque Alex Tuch 5 1 2 2
5 vs 5 Defense
Defense Defense Time % Phy DF OF
1 Oliver Ekman-Larsson Travis Hamonic 55 1 2 2
2 Tyler Myers Tony DeAngelo 25 1 2 2
3 PK Subban Brent Seabrook 15 1 2 2
4 Oliver Ekman-Larsson Tony DeAngelo 5 1 2 2
PowerPlay Forward
Center Left Wing Right Wing Time % Phy DF OF
1 Alexander Kerfoot J.T. Miller Denis Gurianov 70 0 0 5
2 Robert Nilsson Jeremy Morin Lawson Crouse 30 1 2 2
PowerPlay Defense
Defense Defense Time % Phy DF OF
1 Oliver Ekman-Larsson Tony DeAngelo 70 0 0 5
2 PK Subban Travis Hamonic 30 0 0 5
Penalty Kill 4 Players Forward
Center Wing Time % Phy DF OF
1 Alexander Kerfoot J.T. Miller 60 1 2 2
2 Robert Nilsson Ilya Kovalchuk 40 1 2 2
Penalty Kill 4 Players Defense
Defense Defense Time % Phy DF OF
1 Oliver Ekman-Larsson Tyler Myers 60 1 2 2
2 Tony DeAngelo Brent Seabrook 40 1 2 2
Penalty Kill - 3 Players Forward
Forward Time % Phy DF OF
1 Robert Nilsson 60 1 2 2
2 Derek Roy 40 1 2 2
Penalty Kill - 3 Players Defense
Defense Defense Time % Phy DF OF
1 Oliver Ekman-Larsson Tyler Myers 60 1 2 2
2 Travis Hamonic Brent Seabrook 40 1 2 2
4 vs 4 Forward
Center Wing Time % Phy DF OF
1 Alexander Kerfoot J.T. Miller 60 1 2 2
2 Robert Nilsson Denis Gurianov 40 1 2 2
4 vs 4 Defense
Defense Defense Time % Phy DF OF
1 Oliver Ekman-Larsson Tyler Myers 60 1 2 2
2 Tony DeAngelo Brent Seabrook 40 1 2 2
Last Minutes Offensive
Center Left Wing Right Wing Defense Defense
Alexander Kerfoot J.T. Miller Denis Gurianov Oliver Ekman-Larsson Tony DeAngelo
Last Minutes Defensive
Center Left Wing Right Wing Defense Defense
Robert Nilsson J.T. Miller Denis Gurianov Oliver Ekman-Larsson Tony DeAngelo
Goaltenders
Starting : Petr Mrazek
Backup : Matt Hackett
Extra Forwards
Normal : Gilbert Brule, Chris Bourque, Alex Tuch - PP : Gilbert Brule, Chris Bourque - PK : Gilbert Brule
Extra Defensemen
Normal : Brent Seabrook, PK Subban, Tony DeAngelo - PP : Brent Seabrook - PK : Brent Seabrook, PK Subban
Penalty Shots
J.T. Miller, Robert Nilsson, Alexander Kerfoot, Lawson Crouse, Denis Gurianov
Custom OT Lines Forwards
J.T. Miller, Robert Nilsson, Alexander Kerfoot, Ilya Kovalchuk, Lawson Crouse, Denis Gurianov, Alex Tuch, Jeremy Morin, Derek Roy, Gilbert Brule
Custom OT Lines Defensemen
Oliver Ekman-Larsson, Travis Hamonic, Tyler Myers, Brent Seabrook, PK Subban
Scratches
None
Rangers
5 vs 5 Forward
Center Left Wing Right Wing Time % Phy DF OF
1 Sean Couturier Milan Lucic Ryan Strome 40 1 2 2
2 Tomas Hertl Ondrej Palat Richard Panik 30 1 2 2
3 Henrik Samuelsson Magnus Paajarvi Devante Smith-Pelly 20 1 2 2
4 Seth Griffith Chris Mcallister Stefan Noesen 10 1 2 2
5 vs 5 Defense
Defense Defense Time % Phy DF OF
1 Jake McCabe Dmitry Kulikov 40 1 2 2
2 Cale Makar Mikhail Sergachev 30 1 2 2
3 Patrik Nemeth Vince Dunn 20 1 2 2
4 Jake McCabe Mikhail Sergachev 10 1 2 2
PowerPlay Forward
Center Left Wing Right Wing Time % Phy DF OF
1 Sean Couturier Milan Lucic Devante Smith-Pelly 60 1 2 2
2 Tomas Hertl Ondrej Palat Ryan Strome 40 1 2 2
PowerPlay Defense
Defense Defense Time % Phy DF OF
1 Cale Makar Dmitry Kulikov 60 1 2 2
2 Jake McCabe Vince Dunn 40 1 2 2
Penalty Kill 4 Players Forward
Center Wing Time % Phy DF OF
1 Sean Couturier Milan Lucic 60 1 2 2
2 Tomas Hertl Ondrej Palat 40 1 2 2
Penalty Kill 4 Players Defense
Defense Defense Time % Phy DF OF
1 Jake McCabe Dmitry Kulikov 60 1 2 2
2 Cale Makar Patrik Nemeth 40 1 2 2
Penalty Kill - 3 Players Forward
Forward Time % Phy DF OF
1 Sean Couturier 60 1 2 2
2 Tomas Hertl 40 1 2 2
Penalty Kill - 3 Players Defense
Defense Defense Time % Phy DF OF
1 Jake McCabe Dmitry Kulikov 60 1 2 2
2 Cale Makar Patrik Nemeth 40 1 2 2
4 vs 4 Forward
Center Wing Time % Phy DF OF
1 Sean Couturier Milan Lucic 60 1 2 2
2 Tomas Hertl Ondrej Palat 40 1 2 2
4 vs 4 Defense
Defense Defense Time % Phy DF OF
1 Jake McCabe Dmitry Kulikov 60 1 2 2
2 Cale Makar Patrik Nemeth 40 1 2 2
Last Minutes Offensive
Center Left Wing Right Wing Defense Defense
Sean Couturier Milan Lucic Devante Smith-Pelly Jake McCabe Dmitry Kulikov
Last Minutes Defensive
Center Left Wing Right Wing Defense Defense
Sean Couturier Milan Lucic Devante Smith-Pelly Jake McCabe Dmitry Kulikov
Goaltenders
Starting : Samuel Montembeault
Backup : Frederik Andersen
Extra Forwards
Normal : Ryan Strome, Richard Panik, Ondrej Palat - PP : Ryan Strome, Richard Panik - PK : Ryan Strome
Extra Defensemen
Normal : Patrik Nemeth, Mikhail Sergachev, Vince Dunn - PP : Patrik Nemeth - PK : Patrik Nemeth, Mikhail Sergachev
Penalty Shots
Milan Lucic, Sean Couturier, Tomas Hertl, Devante Smith-Pelly, Ryan Strome
Custom OT Lines Forwards
Milan Lucic, Sean Couturier, Tomas Hertl, Devante Smith-Pelly, Ryan Strome, Richard Panik, Ondrej Palat, Chris Mcallister, Stefan Noesen, Magnus Paajarvi
Custom OT Lines Defensemen
Jake McCabe, Dmitry Kulikov, Cale Makar, Vince Dunn, Mikhail Sergachev
Scratches
Derrick Pouliot (Healthy), Maxime Sauvé (Healthy), T.J Galiardi (Healthy)
% Time on Ice - Canucks
Lines # - Real PCT - Wanted PCT - Time Play
Normal Forward
1 - 37% - 55% - 15:25
2 - 28% - 30% - 11:30
3 - 18% - 10% - 7:36
4 - 16% - 5% - 6:42
Normal Defense
1 - 47% - 55% - 19:26
2 - 32% - 25% - 13:02
3 - 21% - 15% - 8:45
4 - 0% - 5% - 0:00
PP Forward
1 - 61% - 70% - 5:23
2 - 39% - 30% - 3:29
PP Defense
1 - 67% - 70% - 5:55
2 - 33% - 30% - 2:57
PK Forward
1 - 65% - 60% - 5:46
2 - 35% - 40% - 3:06
PK Defense
1 - 55% - 60% - 4:53
2 - 45% - 40% - 3:59
PK3 Forward
1 - 0% - 60%
2 - 0% - 40%
PK3 Defense
1 - 0% - 60%
2 - 0% - 40%
44 Forward
1 - 86% - 60% - 0:54
2 - 14% - 40% - 0:09
44 Defense
1 - 44% - 60% - 0:28
2 - 56% - 40% - 0:35
Last Minute Offensive - 0:00
Last Minute Defensive - 0:00
Total
Forward - 60:00
Defense - 60:00
|
% Time on Ice - Rangers
Lines # - Real PCT - Wanted PCT - Time Play
Normal Forward
1 - 33% - 40% - 13:35
2 - 26% - 30% - 10:32
3 - 22% - 20% - 9:13
4 - 19% - 10% - 7:53
Normal Defense
1 - 44% - 40% - 18:00
2 - 29% - 30% - 11:49
3 - 23% - 20% - 9:38
4 - 4% - 10% - 1:46
PP Forward
1 - 54% - 60% - 4:45
2 - 46% - 40% - 4:07
PP Defense
1 - 58% - 60% - 5:11
2 - 42% - 40% - 3:41
PK Forward
1 - 81% - 60% - 7:09
2 - 19% - 40% - 1:43
PK Defense
1 - 78% - 60% - 6:57
2 - 22% - 40% - 1:55
PK3 Forward
1 - 0% - 60%
2 - 0% - 40%
PK3 Defense
1 - 0% - 60%
2 - 0% - 40%
44 Forward
1 - 81% - 60% - 0:51
2 - 19% - 40% - 0:12
44 Defense
1 - 71% - 60% - 0:45
2 - 29% - 40% - 0:18
Last Minute Offensive - 0:00
Last Minute Defensive - 0:00
Total
Forward - 60:00
Defense - 60:00
|
Play-by-Play
1st period
0:01 of 1st period - Alexander Kerfoot wins face-off versus Sean Couturier in neutral zone.
0:10 of 1st period - Snap shot by Denis Gurianov.
0:10 of 1st period - Goal by Denis Gurianov - Canucks : 1 - Rangers : 0.
0:11 of 1st period - Richard Panik wins face-off versus Robert Nilsson in neutral zone.
0:24 of 1st period - Slapshot by Tomas Hertl.
0:24 of 1st period - Stopped by Petr Mrazek without a rebound.
0:25 of 1st period - Alexander Kerfoot wins face-off versus Henrik Samuelsson in Canucks zone.
0:36 of 1st period - Snap shot by J.T. Miller.
0:36 of 1st period - Stopped by Samuel Montembeault without a rebound.
0:37 of 1st period - Sean Couturier wins face-off versus Derek Roy in Rangers zone.
0:47 of 1st period - Oliver Ekman-Larsson is hit by Dmitry Kulikov and loses puck.
1:10 of 1st period - Slapshot by Oliver Ekman-Larsson.
1:10 of 1st period - Stopped by Samuel Montembeault with a rebound.
1:26 of 1st period - Slapshot by Ondrej Palat.
1:26 of 1st period - Shot Blocked by Tony DeAngelo.
1:28 of 1st period - Slapshot by Tomas Hertl.
1:28 of 1st period - Shot Blocked by Tyler Myers.
1:30 of 1st period - Wrist shot by Jake McCabe.
1:30 of 1st period - Shot Misses the Net.
1:35 of 1st period - Minor Penalty to Tony DeAngelo for High sticking.
1:36 of 1st period - Sean Couturier wins face-off versus Alexander Kerfoot in Canucks zone.
1:52 of 1st period - Off-side.
1:53 of 1st period - Tomas Hertl wins face-off versus Alexander Kerfoot in neutral zone.
2:47 of 1st period - Ryan Strome is hit by Robert Nilsson and loses puck.
3:23 of 1st period - Icing by Milan Lucic.
3:24 of 1st period - J.T. Miller wins face-off versus Tomas Hertl in Rangers zone.
3:35 of 1st period - Penalty to Tony DeAngelo is over, Tony DeAngelo is back on ice.
3:45 of 1st period - Snap shot by Robert Nilsson.
3:45 of 1st period - Shot Blocked by Stefan Noesen.
3:47 of 1st period - Wrist shot by Lawson Crouse.
3:47 of 1st period - Shot Misses the Net.
5:00 of 1st period - Gilbert Brule is hit by Seth Griffith and loses puck.
6:29 of 1st period - Ryan Strome is hit by Tyler Myers and loses puck.
7:01 of 1st period - Minor Penalty to Robert Nilsson for Hooking.
7:02 of 1st period - Alexander Kerfoot wins face-off versus Sean Couturier in Canucks zone.
9:01 of 1st period - Penalty to Robert Nilsson is over, Robert Nilsson is back on ice.
9:38 of 1st period - Icing by Mikhail Sergachev.
9:39 of 1st period - Alexander Kerfoot wins face-off versus Henrik Samuelsson in Rangers zone.
9:42 of 1st period - Wrist shot by Chris Bourque.
9:42 of 1st period - Stopped by Samuel Montembeault without a rebound.
9:43 of 1st period - Gilbert Brule wins face-off versus Sean Couturier in Rangers zone.
10:38 of 1st period - Snap shot by Lawson Crouse.
10:38 of 1st period - Shot Blocked by Cale Makar.
11:18 of 1st period - Snap shot by Ilya Kovalchuk.
11:18 of 1st period - Deflect By Teemu Hartikainen.
11:18 of 1st period - Shot Misses the Net.
11:18 of 1st period - Puck is out of play.
11:19 of 1st period - Derek Roy wins face-off versus Sean Couturier in Rangers zone.
11:32 of 1st period - Snap shot by Ilya Kovalchuk.
11:32 of 1st period - Stopped by Samuel Montembeault with a rebound.
11:44 of 1st period - Derek Roy is hit by Dmitry Kulikov.
11:48 of 1st period - Dmitry Kulikov is hit by Teemu Hartikainen and loses puck.
11:57 of 1st period - Wrist shot by Ilya Kovalchuk.
11:57 of 1st period - Shot Blocked by Ryan Strome.
11:59 of 1st period - Wrist shot by Teemu Hartikainen.
11:59 of 1st period - Stopped by Samuel Montembeault without a rebound.
12:00 of 1st period - Tomas Hertl wins face-off versus Alexander Kerfoot in Rangers zone.
12:06 of 1st period - Minor Penalty to J.T. Miller for Tripping.
12:07 of 1st period - Sean Couturier wins face-off versus Alexander Kerfoot in Canucks zone.
12:07 of 1st period - Slapshot by Cale Makar.
12:07 of 1st period - Stopped by Petr Mrazek without a rebound.
12:08 of 1st period - Sean Couturier wins face-off versus Alexander Kerfoot in Canucks zone.
14:06 of 1st period - Penalty to J.T. Miller is over, J.T. Miller is back on ice.
14:37 of 1st period - Snap shot by Lawson Crouse.
14:37 of 1st period - Stopped by Samuel Montembeault without a rebound.
14:38 of 1st period - Seth Griffith wins face-off versus Robert Nilsson in Rangers zone.
14:49 of 1st period - Snap shot by Chris Mcallister.
14:49 of 1st period - Shot Misses the Net.
14:51 of 1st period - Snap shot by Seth Griffith.
14:51 of 1st period - Stopped by Petr Mrazek with a rebound.
14:53 of 1st period - Snap shot by Stefan Noesen.
14:53 of 1st period - Shot Misses the Net.
15:14 of 1st period - Slapshot by Oliver Ekman-Larsson.
15:14 of 1st period - Shot Misses the Net.
15:35 of 1st period - Icing by Devante Smith-Pelly.
15:36 of 1st period - Richard Panik wins face-off versus Gilbert Brule in Rangers zone.
17:08 of 1st period - Snap shot by Teemu Hartikainen.
17:08 of 1st period - Shot Blocked by Cale Makar.
17:42 of 1st period - PK Subban is hit by Patrik Nemeth and loses puck.
18:01 of 1st period - J.T. Miller is hit by Ondrej Palat and loses puck.
18:06 of 1st period - Slapshot by Cale Makar.
18:06 of 1st period - Deflect By Tomas Hertl.
18:06 of 1st period - Shot Misses the Net.
18:06 of 1st period - Puck is out of play.
18:07 of 1st period - Robert Nilsson wins face-off versus Sean Couturier in Canucks zone.
18:16 of 1st period - Snap shot by Jeremy Morin.
18:16 of 1st period - Shot Blocked by Mikhail Sergachev.
18:18 of 1st period - Wrist shot by Tyler Myers.
18:18 of 1st period - Shot Misses the Net.
18:20 of 1st period - Snap shot by Lawson Crouse.
18:20 of 1st period - Shot Misses the Net.
18:22 of 1st period - Snap shot by Tony DeAngelo.
18:22 of 1st period - Shot Blocked by Mikhail Sergachev.
18:32 of 1st period - Richard Panik is hit by Alexander Kerfoot and loses puck.
18:43 of 1st period - Slapshot by Cale Makar.
18:43 of 1st period - Stopped by Petr Mrazek with a rebound.
18:49 of 1st period - Minor Penalty to J.T. Miller for Interference.
18:50 of 1st period - Sean Couturier wins face-off versus Alexander Kerfoot in Canucks zone.
19:21 of 1st period - Snap shot by Vince Dunn.
19:21 of 1st period - Deflect By Tyler Myers.
19:21 of 1st period - Stopped by Petr Mrazek with a rebound.
Goals for this period are 1 for Canucks vs 0 for Rangers.
Shots for this period are 7 for Canucks vs 5 for Rangers.
2nd period
0:01 of 2nd period - Sean Couturier wins face-off versus Alexander Kerfoot in neutral zone.
0:16 of 2nd period - Slapshot by Cale Makar.
0:16 of 2nd period - Deflect By Devante Smith-Pelly.
0:16 of 2nd period - Stopped by Petr Mrazek with a rebound.
0:49 of 2nd period - Penalty to J.T. Miller is over, J.T. Miller is back on ice.
0:57 of 2nd period - Slapshot by Stefan Noesen.
0:57 of 2nd period - Shot Misses the Net.
0:59 of 2nd period - Wrist shot by Stefan Noesen.
0:59 of 2nd period - Deflect By Chris Mcallister.
0:59 of 2nd period - Stopped by Petr Mrazek without a rebound.
1:00 of 2nd period - Seth Griffith wins face-off versus Robert Nilsson in Canucks zone.
1:11 of 2nd period - Snap shot by Stefan Noesen.
1:11 of 2nd period - Stopped by Petr Mrazek with a rebound.
1:13 of 2nd period - Wrist shot by Chris Mcallister.
1:13 of 2nd period - Shot Blocked by Oliver Ekman-Larsson.
1:15 of 2nd period - Snap shot by Jake McCabe.
1:15 of 2nd period - Stopped by Petr Mrazek without a rebound.
1:16 of 2nd period - Alexander Kerfoot wins face-off versus Sean Couturier in Canucks zone.
1:16 of 2nd period - Alexander Kerfoot is hit by Sean Couturier.
1:21 of 2nd period - Icing by Alexander Kerfoot.
1:22 of 2nd period - Sean Couturier wins face-off versus Alexander Kerfoot in Canucks zone.
1:35 of 2nd period - Slapshot by Milan Lucic.
1:35 of 2nd period - Stopped by Petr Mrazek without a rebound.
1:36 of 2nd period - Sean Couturier wins face-off versus Alexander Kerfoot in Canucks zone.
1:52 of 2nd period - Icing by Travis Hamonic.
1:53 of 2nd period - Alexander Kerfoot wins face-off versus Tomas Hertl in Canucks zone.
2:00 of 2nd period - Snap shot by Denis Gurianov.
2:00 of 2nd period - Stopped by Samuel Montembeault with a rebound.
2:02 of 2nd period - Slapshot by Travis Hamonic.
2:02 of 2nd period - Shot Misses the Net.
2:04 of 2nd period - Snap shot by Oliver Ekman-Larsson.
2:04 of 2nd period - Stopped by Samuel Montembeault without a rebound.
2:05 of 2nd period - Sean Couturier wins face-off versus Denis Gurianov in Rangers zone.
2:10 of 2nd period - Snap shot by Sean Couturier.
2:10 of 2nd period - Stopped by Petr Mrazek with a rebound.
2:14 of 2nd period - Slapshot by Milan Lucic.
2:14 of 2nd period - Stopped by Petr Mrazek without a rebound.
2:15 of 2nd period - Alexander Kerfoot wins face-off versus Sean Couturier in Canucks zone.
2:36 of 2nd period - Wrist shot by J.T. Miller.
2:36 of 2nd period - Stopped by Samuel Montembeault with a rebound.
2:38 of 2nd period - Minor Penalty to Dmitry Kulikov for Hooking.
2:39 of 2nd period - Sean Couturier wins face-off versus Alexander Kerfoot in Rangers zone.
3:15 of 2nd period - Snap shot by Oliver Ekman-Larsson.
3:15 of 2nd period - Deflect By Jeremy Morin.
3:15 of 2nd period - Stopped by Samuel Montembeault with a rebound.
3:53 of 2nd period - Jeremy Morin is hit by Chris Mcallister.
4:38 of 2nd period - Penalty to Dmitry Kulikov is over, Dmitry Kulikov is back on ice.
4:43 of 2nd period - Slapshot by Cale Makar.
4:43 of 2nd period - Stopped by Petr Mrazek without a rebound.
4:44 of 2nd period - Derek Roy wins face-off versus Tomas Hertl in Canucks zone.
5:03 of 2nd period - Brent Seabrook is hit by Ondrej Palat.
5:45 of 2nd period - Off-side.
5:46 of 2nd period - Tomas Hertl wins face-off versus Alexander Kerfoot in neutral zone.
6:13 of 2nd period - Jeremy Morin is hit by Jake McCabe.
6:25 of 2nd period - Jake McCabe is hit by Lawson Crouse.
6:29 of 2nd period - Jeremy Morin is hit by Milan Lucic and loses puck.
6:42 of 2nd period - Snap shot by Jeremy Morin.
6:42 of 2nd period - Shot Hit the Post.
7:07 of 2nd period - Off-side.
7:08 of 2nd period - Seth Griffith wins face-off versus Alexander Kerfoot in neutral zone.
7:13 of 2nd period - Alexander Kerfoot is hit by Chris Mcallister and loses puck.
7:20 of 2nd period - Wrist shot by Stefan Noesen.
7:20 of 2nd period - Stopped by Petr Mrazek with a rebound.
7:28 of 2nd period - Wrist shot by Stefan Noesen.
7:28 of 2nd period - Shot Misses the Net.
7:30 of 2nd period - Backhand shot by Jake McCabe.
7:30 of 2nd period - Shot Misses the Net.
7:32 of 2nd period - Snap shot by Chris Mcallister.
7:32 of 2nd period - Stopped by Petr Mrazek with a rebound.
7:34 of 2nd period - Snap shot by Chris Mcallister.
7:34 of 2nd period - Shot Misses the Net.
7:36 of 2nd period - Slapshot by Stefan Noesen.
7:36 of 2nd period - Stopped by Petr Mrazek without a rebound.
7:37 of 2nd period - Sean Couturier wins face-off versus Lawson Crouse in Canucks zone.
7:44 of 2nd period - Snap shot by Ryan Strome.
7:44 of 2nd period - Goal by Ryan Strome - Canucks : 1 - Rangers : 1.
7:45 of 2nd period - Alexander Kerfoot wins face-off versus Sean Couturier in neutral zone.
7:54 of 2nd period - Wrist shot by Denis Gurianov.
7:54 of 2nd period - Stopped by Samuel Montembeault with a rebound.
7:56 of 2nd period - Slapshot by Travis Hamonic.
7:56 of 2nd period - Shot Misses the Net.
7:58 of 2nd period - Backhand shot by Denis Gurianov.
7:58 of 2nd period - Shot Misses the Net.
8:00 of 2nd period - Snap shot by Alexander Kerfoot.
8:00 of 2nd period - Shot Misses the Net.
8:02 of 2nd period - Snap shot by Denis Gurianov.
8:02 of 2nd period - Stopped by Samuel Montembeault without a rebound.
8:03 of 2nd period - Robert Nilsson wins face-off versus Tomas Hertl in Rangers zone.
8:13 of 2nd period - Wrist shot by Robert Nilsson.
8:13 of 2nd period - Stopped by Samuel Montembeault without a rebound.
8:14 of 2nd period - Denis Gurianov wins face-off versus Sean Couturier in Rangers zone.
8:29 of 2nd period - Snap shot by Sean Couturier.
8:29 of 2nd period - Shot Misses the Net.
8:31 of 2nd period - Slapshot by Ryan Strome.
8:31 of 2nd period - Stopped by Petr Mrazek with a rebound.
8:41 of 2nd period - Dmitry Kulikov is hit by Travis Hamonic and loses puck.
8:48 of 2nd period - Snap shot by Oliver Ekman-Larsson.
8:48 of 2nd period - Stopped by Samuel Montembeault without a rebound.
8:49 of 2nd period - Alexander Kerfoot wins face-off versus Tomas Hertl in Rangers zone.
8:50 of 2nd period - Backhand shot by J.T. Miller.
8:50 of 2nd period - Shot Misses the Net.
9:30 of 2nd period - Slapshot by Cale Makar.
9:30 of 2nd period - Deflect By Tyler Myers.
9:30 of 2nd period - Goal by Cale Makar - Canucks : 1 - Rangers : 2.
9:31 of 2nd period - Sean Couturier wins face-off versus Alexander Kerfoot in neutral zone.
9:42 of 2nd period - Wrist shot by Ryan Strome.
9:42 of 2nd period - Shot Misses the Net.
10:17 of 2nd period - Snap shot by Ilya Kovalchuk.
10:17 of 2nd period - Stopped by Samuel Montembeault with a rebound.
10:34 of 2nd period - Icing by Dmitry Kulikov.
10:35 of 2nd period - Alexander Kerfoot wins face-off versus Seth Griffith in Rangers zone.
10:39 of 2nd period - Icing by Seth Griffith.
10:40 of 2nd period - Alexander Kerfoot wins face-off versus Seth Griffith in Rangers zone.
11:04 of 2nd period - Off-side.
11:05 of 2nd period - Sean Couturier wins face-off versus Robert Nilsson in neutral zone.
11:07 of 2nd period - Minor Penalty to Ryan Strome for Holding.
11:08 of 2nd period - Alexander Kerfoot wins face-off versus Sean Couturier in Rangers zone.
11:10 of 2nd period - Snap shot by Alexander Kerfoot.
11:10 of 2nd period - Shot Misses the Net.
11:12 of 2nd period - Snap shot by Alexander Kerfoot.
11:12 of 2nd period - Shot Blocked by Sean Couturier.
11:14 of 2nd period - Snap shot by J.T. Miller.
11:14 of 2nd period - Shot Blocked by Sean Couturier.
11:16 of 2nd period - Slapshot by Tony DeAngelo.
11:16 of 2nd period - Stopped by Samuel Montembeault without a rebound.
11:17 of 2nd period - Alexander Kerfoot wins face-off versus Sean Couturier in Rangers zone.
11:22 of 2nd period - Slapshot by Alexander Kerfoot.
11:22 of 2nd period - Stopped by Samuel Montembeault without a rebound.
11:23 of 2nd period - Sean Couturier wins face-off versus Alexander Kerfoot in Rangers zone.
12:19 of 2nd period - Sean Couturier is hit by J.T. Miller and loses puck.
12:44 of 2nd period - PK Subban is hit by Chris Mcallister and loses puck.
13:07 of 2nd period - Penalty to Ryan Strome is over, Ryan Strome is back on ice.
13:13 of 2nd period - Wrist shot by Derek Roy.
13:13 of 2nd period - Shot Blocked by Ondrej Palat.
13:23 of 2nd period - Ilya Kovalchuk is hit by Jake McCabe and loses puck.
13:36 of 2nd period - Devante Smith-Pelly is hit by Alex Tuch and loses puck.
13:43 of 2nd period - Snap shot by Gilbert Brule.
13:43 of 2nd period - Shot Misses the Net.
13:45 of 2nd period - Wrist shot by Brent Seabrook.
13:45 of 2nd period - Shot Blocked by Magnus Paajarvi.
15:28 of 2nd period - Denis Gurianov is hit by Stefan Noesen.
15:45 of 2nd period - Jeremy Morin is hit by Tomas Hertl and loses puck.
15:54 of 2nd period - Robert Nilsson is hit by Ondrej Palat and loses puck.
16:20 of 2nd period - Minor Penalty to Magnus Paajarvi for Hooking.
16:21 of 2nd period - Sean Couturier wins face-off versus Alexander Kerfoot in Rangers zone.
16:47 of 2nd period - PK Subban is hit by Dmitry Kulikov and loses puck.
17:16 of 2nd period - Minor Penalty to Jeremy Morin for Hooking.
17:17 of 2nd period - Alexander Kerfoot wins face-off versus Sean Couturier in Canucks zone.
17:22 of 2nd period - Wrist shot by Oliver Ekman-Larsson.
17:22 of 2nd period - Shot Misses the Net.
17:24 of 2nd period - Slapshot by Alexander Kerfoot.
17:24 of 2nd period - Shot Hit the Post.
18:20 of 2nd period - Penalty to Magnus Paajarvi is over, Magnus Paajarvi is back on ice.
18:28 of 2nd period - Slapshot by Cale Makar.
18:28 of 2nd period - Stopped by Petr Mrazek without a rebound.
18:29 of 2nd period - Tomas Hertl wins face-off versus Robert Nilsson in Canucks zone.
18:40 of 2nd period - Snap shot by Ryan Strome.
18:40 of 2nd period - Shot Misses the Net.
19:16 of 2nd period - Penalty to Jeremy Morin is over, Jeremy Morin is back on ice.
19:22 of 2nd period - Wrist shot by Stefan Noesen.
19:22 of 2nd period - Stopped by Petr Mrazek without a rebound.
19:23 of 2nd period - Seth Griffith wins face-off versus Gilbert Brule in Canucks zone.
19:24 of 2nd period - Snap shot by Stefan Noesen.
19:24 of 2nd period - Shot Blocked by Travis Hamonic.
19:26 of 2nd period - Snap shot by Chris Mcallister.
19:26 of 2nd period - Stopped by Petr Mrazek with a rebound.
19:28 of 2nd period - Wrist shot by Seth Griffith.
19:28 of 2nd period - Goal by Seth Griffith - Canucks : 1 - Rangers : 3.
19:29 of 2nd period - Sean Couturier wins face-off versus Alexander Kerfoot in neutral zone.
19:38 of 2nd period - Snap shot by Dmitry Kulikov.
19:38 of 2nd period - Shot Misses the Net.
19:40 of 2nd period - Wrist shot by Ryan Strome.
19:40 of 2nd period - Shot Blocked by Travis Hamonic.
19:44 of 2nd period - Snap shot by Milan Lucic.
19:44 of 2nd period - Stopped by Petr Mrazek with a rebound.
19:46 of 2nd period - Slapshot by Jake McCabe.
19:46 of 2nd period - Stopped by Petr Mrazek with a rebound.
Goals for this period are 0 for Canucks vs 3 for Rangers.
Shots for this period are 11 for Canucks vs 20 for Rangers.
3rd period
0:01 of 3rd period - Sean Couturier wins face-off versus Alexander Kerfoot in neutral zone.
0:04 of 3rd period - Slapshot by Jake McCabe.
0:04 of 3rd period - Deflect By Milan Lucic.
0:04 of 3rd period - Stopped by Petr Mrazek with a rebound.
0:22 of 3rd period - Minor Penalty to Dmitry Kulikov for Slashing.
0:23 of 3rd period - Sean Couturier wins face-off versus Alexander Kerfoot in Rangers zone.
0:37 of 3rd period - Slapshot by Oliver Ekman-Larsson.
0:37 of 3rd period - Shot Misses the Net.
0:49 of 3rd period - Milan Lucic is hit by Oliver Ekman-Larsson and loses puck.
2:22 of 3rd period - Penalty to Dmitry Kulikov is over, Dmitry Kulikov is back on ice.
2:34 of 3rd period - Henrik Samuelsson is hit by Teemu Hartikainen and loses puck.
2:58 of 3rd period - Tyler Myers is hit by Stefan Noesen and loses puck.
4:37 of 3rd period - Snap shot by Robert Nilsson.
4:37 of 3rd period - Stopped by Samuel Montembeault with a rebound.
5:05 of 3rd period - Seth Griffith is hit by Derek Roy and loses puck.
5:10 of 3rd period - Wrist shot by Derek Roy.
5:10 of 3rd period - Stopped by Samuel Montembeault without a rebound.
5:11 of 3rd period - Robert Nilsson wins face-off versus Sean Couturier in Rangers zone.
6:01 of 3rd period - Snap shot by Henrik Samuelsson.
6:01 of 3rd period - Deflect By Devante Smith-Pelly.
6:01 of 3rd period - Shot Misses the Net.
6:01 of 3rd period - Puck is out of play.
6:02 of 3rd period - Alexander Kerfoot wins face-off versus Sean Couturier in Canucks zone.
6:04 of 3rd period - Icing by Brent Seabrook.
6:05 of 3rd period - Alexander Kerfoot wins face-off versus Sean Couturier in Canucks zone.
6:13 of 3rd period - Brent Seabrook is hit by Milan Lucic and loses puck.
6:16 of 3rd period - Slapshot by PK Subban.
6:16 of 3rd period - Shot Misses the Net.
6:18 of 3rd period - Snap shot by Alexander Kerfoot.
6:18 of 3rd period - Shot Misses the Net.
6:20 of 3rd period - Wrist shot by Alexander Kerfoot.
6:20 of 3rd period - Deflect By Denis Gurianov.
6:20 of 3rd period - Stopped by Samuel Montembeault with a rebound.
6:22 of 3rd period - Snap shot by J.T. Miller.
6:22 of 3rd period - Shot Hit the Post.
6:34 of 3rd period - Backhand shot by Milan Lucic.
6:34 of 3rd period - Stopped by Petr Mrazek without a rebound.
6:35 of 3rd period - Robert Nilsson wins face-off versus Tomas Hertl in Canucks zone.
6:50 of 3rd period - Snap shot by Tomas Hertl.
6:50 of 3rd period - Stopped by Petr Mrazek without a rebound.
6:51 of 3rd period - Sean Couturier wins face-off versus Alexander Kerfoot in Canucks zone.
7:06 of 3rd period - Slapshot by Alexander Kerfoot.
7:06 of 3rd period - Shot Misses the Net.
7:08 of 3rd period - Slapshot by Travis Hamonic.
7:08 of 3rd period - Stopped by Samuel Montembeault with a rebound.
7:25 of 3rd period - Wrist shot by Lawson Crouse.
7:25 of 3rd period - Shot Misses the Net.
7:27 of 3rd period - Snap shot by Lawson Crouse.
7:27 of 3rd period - Goal by Lawson Crouse - Canucks : 2 - Rangers : 3.
7:28 of 3rd period - Sean Couturier wins face-off versus Alexander Kerfoot in neutral zone.
7:30 of 3rd period - Off-side.
7:31 of 3rd period - Sean Couturier wins face-off versus Alexander Kerfoot in neutral zone.
8:24 of 3rd period - Slapshot by Jeremy Morin.
8:24 of 3rd period - Shot Blocked by Mikhail Sergachev.
8:26 of 3rd period - Slapshot by Tony DeAngelo.
8:26 of 3rd period - Deflect By Robert Nilsson.
8:26 of 3rd period - Shot Misses the Net.
8:26 of 3rd period - Puck is out of play.
8:27 of 3rd period - Alexander Kerfoot wins face-off versus Tomas Hertl in Rangers zone.
8:54 of 3rd period - J.T. Miller is hit by Dmitry Kulikov and loses puck.
9:49 of 3rd period - Snap shot by Sean Couturier.
9:49 of 3rd period - Shot Misses the Net.
10:03 of 3rd period - Wrist shot by Richard Panik.
10:03 of 3rd period - Stopped by Petr Mrazek with a rebound.
10:15 of 3rd period - Slapshot by Oliver Ekman-Larsson.
10:15 of 3rd period - Deflect By Ilya Kovalchuk.
10:15 of 3rd period - Shot Misses the Net.
10:15 of 3rd period - Puck is out of play.
10:16 of 3rd period - Robert Nilsson wins face-off versus Sean Couturier in Rangers zone.
10:19 of 3rd period - Snap shot by Lawson Crouse.
10:19 of 3rd period - Stopped by Samuel Montembeault without a rebound.
10:20 of 3rd period - Robert Nilsson wins face-off versus Sean Couturier in Rangers zone.
10:31 of 3rd period - Wrist shot by Cale Makar.
10:31 of 3rd period - Stopped by Petr Mrazek with a rebound.
11:33 of 3rd period - Icing by Lawson Crouse.
11:34 of 3rd period - Lawson Crouse wins face-off versus Tomas Hertl in Canucks zone.
11:43 of 3rd period - Vince Dunn is hit by Tony DeAngelo and loses puck.
12:02 of 3rd period - Tony DeAngelo is hit by Dmitry Kulikov and loses puck.
12:41 of 3rd period - Wrist shot by Tomas Hertl.
12:41 of 3rd period - Shot Misses the Net.
12:45 of 3rd period - Snap shot by Ondrej Palat.
12:45 of 3rd period - Stopped by Petr Mrazek without a rebound.
12:46 of 3rd period - Sean Couturier wins face-off versus Alexander Kerfoot in Canucks zone.
13:55 of 3rd period - Ryan Strome is hit by PK Subban.
14:11 of 3rd period - Slapshot by Teemu Hartikainen.
14:11 of 3rd period - Stopped by Samuel Montembeault with a rebound.
14:13 of 3rd period - Slapshot by Teemu Hartikainen.
14:13 of 3rd period - Shot Blocked by Jake McCabe.
15:49 of 3rd period - Travis Hamonic is hit by Stefan Noesen and loses puck.
15:55 of 3rd period - Icing by Alex Tuch.
15:56 of 3rd period - Henrik Samuelsson wins face-off versus Gilbert Brule in Canucks zone.
16:13 of 3rd period - Snap shot by Devante Smith-Pelly.
16:13 of 3rd period - Shot Misses the Net.
16:30 of 3rd period - Wrist shot by J.T. Miller.
16:30 of 3rd period - Goal by J.T. Miller - Canucks : 3 - Rangers : 3.
16:31 of 3rd period - Henrik Samuelsson wins face-off versus Alexander Kerfoot in neutral zone.
16:40 of 3rd period - Snap shot by Magnus Paajarvi.
16:40 of 3rd period - Deflect By Devante Smith-Pelly.
16:40 of 3rd period - Shot Blocked by Travis Hamonic.
16:40 of 3rd period - Puck is out of play.
16:41 of 3rd period - Alexander Kerfoot wins face-off versus Devante Smith-Pelly in Canucks zone.
16:57 of 3rd period - Snap shot by J.T. Miller.
16:57 of 3rd period - Shot Misses the Net.
16:59 of 3rd period - Slapshot by Alexander Kerfoot.
16:59 of 3rd period - Goal by Alexander Kerfoot - Canucks : 4 - Rangers : 3.
17:00 of 3rd period - Henrik Samuelsson wins face-off versus Alexander Kerfoot in neutral zone.
17:05 of 3rd period - Snap shot by Devante Smith-Pelly.
17:05 of 3rd period - Shot Misses the Net.
17:08 of 3rd period - Icing by Travis Hamonic.
17:09 of 3rd period - Alexander Kerfoot wins face-off versus Henrik Samuelsson in Canucks zone.
17:15 of 3rd period - Icing by Travis Hamonic.
17:16 of 3rd period - Alexander Kerfoot wins face-off versus Henrik Samuelsson in Canucks zone.
17:16 of 3rd period - Alexander Kerfoot is hit by Henrik Samuelsson.
17:39 of 3rd period - Icing by Dmitry Kulikov.
17:40 of 3rd period - Sean Couturier wins face-off versus Robert Nilsson in Rangers zone.
17:56 of 3rd period - Minor Penalty to Milan Lucic for Hooking.
17:57 of 3rd period - Alexander Kerfoot wins face-off versus Sean Couturier in Rangers zone.
18:09 of 3rd period - Snap shot by J.T. Miller.
18:09 of 3rd period - Stopped by Samuel Montembeault without a rebound.
18:10 of 3rd period - Sean Couturier wins face-off versus Alexander Kerfoot in Rangers zone.
18:19 of 3rd period - Slapshot by Oliver Ekman-Larsson.
18:19 of 3rd period - Deflect By Sean Couturier.
18:19 of 3rd period - Stopped by Samuel Montembeault without a rebound.
18:20 of 3rd period - Sean Couturier wins face-off versus Alexander Kerfoot in Rangers zone.
18:20 of 3rd period - Sean Couturier is hit by Alexander Kerfoot.
18:32 of 3rd period - Alexander Kerfoot is hit by Sean Couturier and loses puck.
18:53 of 3rd period - Snap shot by Alexander Kerfoot.
18:53 of 3rd period - Deflect By J.T. Miller.
18:53 of 3rd period - Stopped by Samuel Montembeault without a rebound.
18:54 of 3rd period - Claude Julien call a timeout for Rangers.
18:54 of 3rd period - Sean Couturier wins face-off versus Alexander Kerfoot in Rangers zone.
19:23 of 3rd period - Snap shot by Robert Nilsson.
19:23 of 3rd period - Shot Blocked by Jake McCabe.
19:25 of 3rd period - Wrist shot by Jeremy Morin.
19:25 of 3rd period - Stopped by Samuel Montembeault without a rebound.
19:26 of 3rd period - Robert Nilsson wins face-off versus Sean Couturier in Rangers zone.
19:56 of 3rd period - Penalty to Milan Lucic is over, Milan Lucic is back on ice.
19:57 of 3rd period - Snap shot by Jeremy Morin.
19:57 of 3rd period - Shot Misses the Net.
19:59 of 3rd period - Slapshot by Tony DeAngelo.
19:59 of 3rd period - Stopped by Samuel Montembeault with a rebound.
Goals for this period are 3 for Canucks vs 0 for Rangers.
Shots for this period are 14 for Canucks vs 6 for Rangers.